[Event "*** Titled Tuesday Blitz"]
[Site "Chess.com"]
[Date "2020.11.24"]
[Round "8"]
[White "Mikhail_Golubev"]
[Black "Vi_Los"]
[Result "1-0"]
[WhiteElo "2557"]
[BlackElo "2353"]
[TimeControl "180+1"]
[EndTime "11:45:59 PST"]
[Termination "Mikhail_Golubev won by resignation"]

1. e4 e5 2. Nf3 Nc6 3. Bb5 a6 4. Ba4 Nf6 5. O-O b5 6. Bb3 Bc5 7. c3 d6 8. d4 Bb6 9. h3 O-O 10. Re1 h6 11. a4 Bb7 12. axb5 axb5 13. Rxa8 Qxa8 14. Bc2 Re8 15. d5 Nb8 16. Na3 Qa5 17. b4 Qa7 18. Qe2 c6 19. dxc6 Bxc6 20. Rf1 Qb7 21. Nd2 d5 22. exd5 Nxd5 23. Ne4 Nd7 24.
Nd6 Qb8 25. Nxe8 Qxe8 26. Nxb5 N7f6 27. Nd6 Qa8 28. Ne4 Nxe4 29. Qxe4 Nf6 30. Qxe5 Bxg2 31. Bf4 Bxf1 32. Kxf1 Qh1+ 33. Ke2 Qxh3 34. Qb8+ 1-0

[Event "*** Titled Tuesday Blitz"]
[Site "Chess.com"]
[Date "2020.11.24"]
[Round "8"]
[White "PIwan"]
[Black "margarita_2703"]
[Result "1-0"]
[WhiteElo "2554"]
[BlackElo "2413"]
[TimeControl "180+1"]
[EndTime "11:46:03 PST"]
[Termination "PIwan won by resignation"]

1. c4 Nf6 2. Nc3 c5 3. Nf3 Nc6 4. e3 e5 5. d4 cxd4 6. exd4 exd4 7. Nxd4 Nxd4 8. Qxd4 Bb4 9. Be2 O-O 10. O-O Bxc3 11.
Qxc3 h6 12. Bf3 Qc7 13. Bxh6 d5 14. Bxd5 Bf5 15. Rad1 Rac8 16. Rfe1 b5 17. b3 bxc4 18. Bxc4 Qc6 19. Bf4 Nd5 20. Qg3 Nxf4 21. Qxf4 Bg6 22. Re7 Qc5 23. Rde1 Rcd8 24. h4 Rd4 25. Qg3 Qh5 26.
R7e5 Qxh4 27. Qxh4 Rxh4 28. Re7 a5 29. Ra7 Rh5 30.
Ree7 Rc5 31. g3 Bh5 32. f4 g5 33. Kf2 Kg7 34. Re5 Rxe5 35. fxe5 Re8 36. Rxa5 Bg6 37. Rd5 Be4 38. Rd7 Rxe5 39. Rxf7+ Kg6 40. Rd7 Bf5 41. Rd2 Ra5 42. a4 Ra7 43. Rd6+ Kh5 44. Rd5 Kg6 45. Bd3 Bxd3 46. Rxd3 Rb7 47. Ke2 Kf5 48. Kd2 Ke4 49. Rc3 Kd4 50. Kc2 g4 51. Rc4+ Kd5 52. Rxg4 1-0

[Event "*** Titled Tuesday Blitz"]
[Site "Chess.com"]
[Date "2020.11.24"]
[Round "8"]
[White "profofchess"]
[Black "Nachsueb"]
[Result "1-0"]
[WhiteElo "2383"]
[BlackElo "2174"]
[TimeControl "180+1"]
[EndTime "11:46:03 PST"]
[Termination "profofchess won by resignation"]

1. e4 e6 2. d4 d5 3. Nc3 Bb4 4. e5 c5 5. Bd2 Ne7 6. a3 Bxc3 7.
Bxc3 cxd4 8. Qxd4 Nbc6 9. Qg4 Nf5 10. Nf3 h5 11. Qf4 Bd7 12. Bd3 Qe7 13. O-O-O O-O-O 14. Bxf5 exf5 15. Rxd5 Be6 16. Rd6 Qc7 17. Rhd1 Qb6 18.
Ng5 Qc5 19. Nxe6 fxe6 20. Rxe6 Rxd1+ 21. Kxd1 Qd5+ 22. Kc1 Qxe6 23. Qg5 g6 24. b4 Rd8 25.
Kb2 Nxe5 26. Qf4 Nc4+ 27. Kb3 Ne3+ 28. Ka4 Qa6+ 29. Kb3 Nd5 30. Qd4 Nxc3 31. Qxc3+ Qc6 32. Qg3 Qd5+ 33. Kb2 Qd4+ 34. c3 Qd2+ 35. Kb3 Qd6 36. Qe3 Kb8 37. a4 Qd1+ 38. Ka3 Qa1+ 39. Kb3 Qb1+ 40. Ka3 Qd3 41. Qe5+ Qd6 42. Qg7 Rc8 43. Kb2 Qc6 44. g3 Qf3 45. Qd4 Qe2+ 46. Kb3 Qe6+ 47. Kb2 Qc6 48. a5 Qc4 49. Qf6 Re8 50. Ka3 a6 51. h4 Rc8 52. Kb2 Qxb4+ 53. cxb4 1-0

[Event "*** Titled Tuesday Blitz"]
[Site "Chess.com"]
[Date "2020.11.24"]
[Round "8"]
[White "Brave_spirit12"]
[Black "SpasKozhuharov"]
[Result "0-1"]
[WhiteElo "2498"]
[BlackElo "2667"]
[TimeControl "180+1"]
[EndTime "11:46:04 PST"]
[Termination "SpasKozhuharov won by resignation"]

1. e4 c5 2. c3 d6 3. d4 Nf6 4. Bd3 g6 5. Nf3 Bg7 6. O-O O-O 7. Qe2 cxd4 8. cxd4 Nc6 9. h3 e5 10. Be3 Re8 11. Nc3 exd4 12. Nxd4 d5 13. Nxc6 bxc6 14. exd5 Nxd5 15. Nxd5 cxd5 16. Qf3 Bxb2 17. Rab1 Bg7 18. Rfd1 Be6 19. Bb5 Qa5 20. Bxe8 Rxe8 21. Bd4 Bxd4 22. Rxd4 Qxa2 23. Re1 Rb8 24. h4 Rb1 25. Rxb1 Qxb1+ 26. Kh2 h5 27. Rd1 Qb2 28. Qe3 a5 29. Rd4 Qb6 30.
Qd2 Qb5 31. Qc2 Bd7 32. Qc7 a4 33. Qd6 Be6 34. Rb4 Qe2 35. Rb8+ Kh7 36. Qf8 Qe5+ 37.
g3 d4 38. Qh8+ Qxh8 0-1

[Event "*** Titled Tuesday Blitz"]
[Site "Chess.com"]
[Date "2020.11.24"]
[Round "8"]
[White "xberli"]
[Black "anon219"]
[Result "1-0"]
[WhiteElo "2597"]
[BlackElo "2762"]
[TimeControl "180+1"]
[EndTime "11:46:07 PST"]
[Termination "xberli won by checkmate"]

1. d4 d5 2. c4 e6 3. Nf3 Nf6 4. g3 dxc4 5. Bg2 a6 6. O-O Nc6 7. a4 Rb8 8. b3 cxb3 9. Qxb3 Nxd4 10. Nxd4 Qxd4 11. Bb2 Qb4 12. Qc2 Bd6 13. Nd2 O-O 14.
Rfc1 Bd7 15. Nc4 b5 16. Nxd6 Qxd6 17. Rd1 Qe7 18. Qxc7 Rbd8 19. a5 Nd5 20. Bxd5 exd5 21. Rxd5 Qxe2 22. Bxg7 Kxg7 23. Rxd7 Rxd7 24. Qxd7 Re8 25.
h4 Re6 26. Qd4+ Kg8 27. Rc1 Re8 28. Kg2 h6 29. Rc6 Re6 30. Rc8+ Re8 31. Rc6 Re6 32. Qd8+ Kh7 33. Rc8 Qe4+ 34. Kh2 Kg6 35. Qg8+ Kf6 36. Qh8+ Ke7 37. Qd8# 1-0

[Event "*** Titled Tuesday Blitz"]
[Site "Chess.com"]
[Date "2020.11.24"]
[Round "8"]
[White "Bastiandash"]
[Black "KetiTsatsalashvili"]
[Result "0-1"]
[WhiteElo "2406"]
[BlackElo "2313"]
[TimeControl "180+1"]
[EndTime "11:46:08 PST"]
[Termination "KetiTsatsalashvili won by resignation"]

1. b3 Nf6 2. Bb2 g6 3. Nf3 Bg7 4. e3 O-O 5. c4 c6 6. Nc3 d5 7. d4 Bf5 8. Bd3 Bxd3 9. Qxd3 Nbd7 10. O-O e6 11. e4 dxe4 12. Nxe4 Nxe4 13. Qxe4 Re8 14.
Rfe1 Qc7 15. Rad1 Rad8 16. h4 h6 17. Rd2 Nf6 18. Qe2 Nd7 19. Red1 Nb6 20. a4 Rd7 21. a5 Nc8 22. Bc3 Red8 23. Qe3 Ne7 24. g4 b6 25. axb6 axb6 26. b4 b5 27. d5 Bxc3 28. Qxc3 cxd5 29. c5 Nc6 30. Re1 Qf4 31. g5 hxg5 32. hxg5 Qxb4 33. Qf6 Qg4+ 34. Kf1 Ne7 35. Ke2 Nf5 36. Rh1 Qe4+ 37.
Kf1 Ng7 38. Rh4 Qf5 39. Qc3 Rc7 40. Kg2 Rdc8 41. Rd1 Rxc5 42. Qe3 Rc3 43. Rdh1 Nh5 44. Rxh5 gxh5 45. Qe2 Qg4+ 0-1

[Event "*** Titled Tuesday Blitz"]
[Site "Chess.com"]
[Date "2020.11.24"]
[Round "8"]
[White "Dave_ChessMate"]
[Black "dpopadic"]
[Result "1-0"]
[WhiteElo "2455"]
[BlackElo "2326"]
[TimeControl "180+1"]
[EndTime "11:46:09 PST"]
[Termination "Dave_ChessMate won by resignation"]

1. d4 Nf6 2. c4 g6 3. Nc3 Bg7 4.
Nf3 d6 5. Bg5 O-O 6. e3 c5 7.
Be2 Nc6 8. O-O Bf5 9. a3 Ne4 10. Nxe4 Bxe4 11. Nd2 Bf5 12. e4 Bc8 13. dxc5 dxc5 14.
Rb1 Nd4 15. Nf3 h6 16. Be3 Be6 17. Bxd4 cxd4 18. Bd3 Rc8 19. Qe2 Bd7 20. b4 e5 21.
c5 Be6 22. Rfd1 Kh7 23. Nd2 Qe7 24. Bc4 f5 25. Bxe6 Qxe6 26. Nc4 fxe4 27. Nd6 Rc7 28. Qxe4 Rf4 29. Qe2 b6 30. Rbc1 bxc5 31. bxc5 Qd5 32. Qc4 Qc6 33. Qe6 Rf8 34. h3 h5 35. Re1 Qa4 36. Qd5 Qxa3 37. Nb5 Qa5 38. Nxc7 Qxc7 39. c6 Rf7 40. Qxf7 Qxf7 41. c7 d3 42. Red1 Bh6 43.
c8=Q Bxc1 44. Qxc1 e4 45. Qe3 Qf5 46. Qxa7+ 1-0

[Event "*** Titled Tuesday Blitz"]
[Site "Chess.com"]
[Date "2020.11.24"]
[Round "8"]
[White "Sjakkerntobi"]
[Black "svilson23"]
[Result "1-0"]
[WhiteElo "2368"]
[BlackElo "2242"]
[TimeControl "180+1"]
[EndTime "11:46:11 PST"]
[Termination "Sjakkerntobi won by resignation"]

1. e4 c5 2. Nf3 Nc6 3. b4 cxb4 4. d4 d5 5. exd5 Qxd5 6. c4 Qe4+ 7. Be2 e6 8. O-O Nf6 9. d5 Ne5 10. Re1 Bc5 11.
Bb2 Neg4 12. Bd4 Bxd4 13. Nxd4 O-O 14. h3 Nh6 15. Bd3 Qh4 16. Nf3 Qh5 17. Re5 Nf5 18. Be2 exd5 19. g4 Nxg4 20. Nh2 Qxh3 21. Bxg4 Ne3 22. Rxe3 Bxg4 23. Qxg4 Qh6 24. Nd2 Qf6 25.
Rae1 dxc4 26. Nxc4 b5 27. Ne5 h6 28. Nd7 Qc6 29.
Nxf8 Rxf8 30. Qe4 Qf6 31. Rf3 Qb2 32. Re2 Qa1+ 33. Kg2 a5 34. Qg4 Qc1 35. Rg3 Qc6+ 36. Nf3 Qf6 37. Qd4 Qxd4 38. Nxd4 1-0

[Event "*** Titled Tuesday Blitz"]
[Site "Chess.com"]
[Date "2020.11.24"]
[Round "8"]
[White "CoachHakia"]
[Black "FMAntonio"]
[Result "1/2-1/2"]
[WhiteElo "2173"]
[BlackElo "2344"]
[TimeControl "180+1"]
[EndTime "11:46:11 PST"]
[Termination "Game drawn by repetition"]

1. d4 Nf6 2. Bg5 d5 3. Bxf6 exf6 4. g3 Bd6 5. Bg2 c6 6. e3 O-O 7. Ne2 f5 8. O-O Nd7 9. Nd2 Nf6 10. c4 g6 11. b3 Qe7 12. Re1 Be6 13. h4 Ne4 14. c5 Bc7 15. b4 Kg7 16. a4 h6 17. Nf4 g5 18. hxg5 hxg5 19. Nxe6+ fxe6 20. Nxe4 dxe4 21. b5 Ba5 22. Re2 f4 23. exf4 gxf4 24. Rxe4 Rf6 25.
Qg4+ Rg6 26. Qxf4 Bc7 27. Qe3 Rf8 28. Re1 Qf7 29. f4 Re8 30. Bh3 Rh6 31. Rxe6 Rexe6 32. Bxe6 Qh5 33. Kf1 Qh1+ 34. Ke2 Qg2+ 35. Kd3 Ba5 36. Bf5 Bxe1 37. Qe7+ Kg8 38. Qe8+ Kg7 39. Qe7+ Kg8 40. Qe8+ Kg7 41. Qe7+ 1/2-1/2

[Event "*** Titled Tuesday Blitz"]
[Site "Chess.com"]
[Date "2020.11.24"]
[Round "8"]
[White "ChessQueen"]
[Black "CheckThis4"]
[Result "1-0"]
[WhiteElo "2736"]
[BlackElo "2557"]
[TimeControl "180+1"]
[EndTime "11:46:12 PST"]
[Termination "ChessQueen won on time"]

1. e4 c5 2. c3 d5 3. exd5 Qxd5 4. d4 Nf6 5. Nf3 Bg4 6. Be2 e6 7. O-O Nc6 8. Be3 cxd4 9. Nxd4 Bxe2 10. Qxe2 Nxd4 11.
Bxd4 Be7 12. Nd2 O-O 13. Nf3 Qe4 14. Qb5 Qd5 15. Qb3 Rfd8 16. h3 Qxb3 17. axb3 a6 18.
b4 Rac8 19. Rfd1 Nd5 20. Kf1 Bf6 21. Bc5 h6 22. g3 Ne7 23. Ke2 Nc6 24. Bb6 Rxd1 25.
Rxd1 Bd8 26. Be3 Kf8 27. Rd7 Rc7 28. Bc5+ Ke8 29. Rd1 Rd7 30. Nd2 g5 31. g4 Ne5 32.
Ne4 Rxd1 33. Kxd1 Be7 34. Bd4 Nc4 35. Kc2 f5 36. Ng3 f4 37. Ne4 e5 38. Ba7 Kd7 39.
b3 Nd6 40. Kd3 Ke6 41. Bb8 Nf7 42. f3 Kd5 43. Ba7 Nd8 44. Bc5 Bxc5 45. bxc5 Nc6 46. b4 1-0

[Event "*** Titled Tuesday Blitz"]
[Site "Chess.com"]
[Date "2020.11.24"]
[Round "8"]
[White "wisdomboy"]
[Black "Chessdude1987"]
[Result "1-0"]
[WhiteElo "2179"]
[BlackElo "2332"]
[TimeControl "180+1"]
[EndTime "11:46:12 PST"]
[Termination "wisdomboy won on time"]

1. d4 Nf6 2. c4 g6 3. f3 d5 4. cxd5 Nxd5 5. e4 Nf6 6. Nc3 Bg7 7. Be3 O-O 8. Qd2 c6 9. O-O-O b5 10. Kb1 b4 11. Na4 Qa5 12. b3 Nfd7 13. h4 c5 14.
dxc5 Na6 15. Bxa6 Qxa6 16. Bd4 Nf6 17. g4 Rd8 18. Qc2 Bd7 19. g5 Nh5 20. Bxg7 Nxg7 21. Nb2 Bb5 22. Nh3 Rdc8 23. Rd5 Bc6 24. Rd4 Rc7 25.
Qc4 Qc8 26. Rhd1 Ne6 27. R4d2 Rb8 28. f4 Bb5 29. Qc2 Rxc5 30. Nc4 Bxc4 31. bxc4 Rxc4 32. Qd3 Rc3 33. Qd7 Qa6 34. f5 b3 35. a4 Rxh3 36.
fxe6 fxe6 37. Qc7 Rf8 38. Qxe7 Qxa4 39. Qxe6+ Kh8 40. Qxh3 Qa2+ 41. Rxa2 1-0

[Event "*** Titled Tuesday Blitz"]
[Site "Chess.com"]
[Date "2020.11.24"]
[Round "8"]
[White "LiderChessAcademy"]
[Black "anon102030"]
[Result "1-0"]
[WhiteElo "2570"]
[BlackElo "2705"]
[TimeControl "180+1"]
[EndTime "11:46:13 PST"]
[Termination "LiderChessAcademy won on time"]

1. c4 e5 2. Nc3 Nc6 3. Nf3 g6 4. d4 exd4 5. Nxd4 Bg7 6. Nc2 Nge7 7. g3 d6 8. Bg2 Be6 9. Ne3 O-O 10. O-O Rb8 11.
Ned5 Ne5 12. Qa4 c6 13. Nxe7+ Qxe7 14. Qxa7 Nxc4 15. Qa4 d5 16. Qc2 Rfe8 17. b3 Bf5 18. e4 dxe4 19. bxc4 e3 20. Qb3 exf2+ 21. Kh1 b5 22. Bf4 bxc4 23. Qxc4 Rb4 24. Qxc6 Rc8 25. Nd5 Qe2 26. Qd6 Re4 27. Nf6+ Bxf6 28. Qxf6 Rxf4 29.
gxf4 Be4 30. Qg5 Rc2 31. Qd8+ Kg7 32. Qd4+ f6 33. Qxe4 Qd2 34. Rad1 Qc3 35. Rd7+ Kh6 36. f5 g5 37. Qe7 Kh5 38. Qxh7+ Kg4 39. Rdd1 Kf4 40.
Qb7 Re2 41. Qb3 Qe3 42. Qc4+ 1-0

[Event "*** Titled Tuesday Blitz"]
[Site "Chess.com"]
[Date "2020.11.24"]
[Round "8"]
[White "NeverW84M8"]
[Black "witcher8"]
[Result "1-0"]
[WhiteElo "2580"]
[BlackElo "2449"]
[TimeControl "180+1"]
[EndTime "11:46:17 PST"]
[Termination "NeverW84M8 won on time"]

1. d4 Nf6 2. c4 g6 3. Nc3 Bg7 4. e4 d6 5. f3 O-O 6. Be3 c5 7. Nge2 Nc6 8. d5 Ne5 9. Ng3 Qa5 10. Be2 h5 11. O-O h4 12. Nh1 a6 13. Nf2 b5 14.
cxb5 axb5 15. Nxb5 Ba6 16. a4 Rfb8 17. Bd2 Qd8 18.
Bc3 g5 19. Qd2 Bh6 20. Nd3 Nc4 21. Qc1 Kh7 22. Bxf6 Bxb5 23. axb5 Rxa1 24. Qxa1 exf6 25. Qa7 Qe8 26. Nxc5 Ne3 27. Na6 Nxf1 28. Qxb8 Qe5 29. Kxf1 Qxb2 30. Qa7 g4 31. Qxf7+ Kh8 32. Qe8+ Kh7 33.
Qd7+ Kh8 34. Qc8+ Kg7 35. Qc7+ Kg6 36. Qc4 Qa1+ 37. Kf2 Qa3 38. Qd3 Qc1 39. e5+ f5 40. fxg4 Qf4+ 41. Bf3 1-0

[Event "*** Titled Tuesday Blitz"]
[Site "Chess.com"]
[Date "2020.11.24"]
[Round "8"]
[White "IrishMonkey"]
[Black "ural58"]
[Result "1/2-1/2"]
[WhiteElo "2562"]
[BlackElo "2444"]
[TimeControl "180+1"]
[EndTime "11:46:17 PST"]
[Termination "Game drawn by repetition"]

1. e4 d5 2. exd5 Qxd5 3. Nc3 Qa5 4. d4 Nf6 5. Nf3 Nc6 6. Bd2 a6 7. Bc4 Qh5 8. O-O Bg4 9. d5 Nd4 10. Be2 Nxe2+ 11. Qxe2 Bxf3 12. gxf3 Nxd5 13. Nxd5 Qxd5 14. c4 Qf5 15. Bc3 e6 16. Rad1 Bd6 17. Rfe1 O-O-O 18. Qf1 Qxf3 19. Rb1 h5 20. Qg2 Qxg2+ 21. Kxg2 Rh6 22. h3 Rg6+ 23. Kf3 Be7 24. Rbd1 Rxd1 25. Rxd1 Bf6 26. Bxf6 Rxf6+ 27. Ke3 Rf5 28. f4 g5 29. fxg5 Rxg5 30.
Kf2 b6 31. b3 c5 32. Rd2 Kc7 33. Kf3 h4 34. Ke4 Rg3 35. Rf2 f5+ 36. Ke5 Re3+ 37. Kf6 b5 38. Rf4 bxc4 39. Rxc4 Kd6 40. Rxh4 Kd5 41.
Kg5 Rf3 42. Rh8 e5 43. h4 e4 44. h5 e3 45. h6 e2 46. Re8 Rg3+ 47. Kxf5 Rh3 48.
Rxe2 Rxh6 49. Rd2+ Kc6 50. Ke5 Rh1 51. Rd6+ Kb5 52.
a4+ Kb4 53. Rb6+ Ka5 54. Rc6 Kb4 55. Rb6+ Ka5 56. Rc6 Kb4 57. Rb6+ 1/2-1/2

[Event "*** Titled Tuesday Blitz"]
[Site "Chess.com"]
[Date "2020.11.24"]
[Round "8"]
[White "MasterMK73"]
[Black "annacramling"]
[Result "1-0"]
[WhiteElo "2270"]
[BlackElo "2068"]
[TimeControl "180+1"]
[EndTime "11:46:18 PST"]
[Termination "MasterMK73 won on time"]

1. e4 c5 2. Nf3 e6 3. d4 cxd4 4. Nxd4 Nf6 5. Bd3 Nc6 6. Nxc6 bxc6 7. O-O e5 8. Qe2 Be7 9. c4 d6 10. Nc3 O-O 11. h3 Be6 12. Rd1 Qc7 13. Be3 Nd7 14.
Rac1 Rfd8 15. Nd5 Bxd5 16. cxd5 c5 17. b4 Qb6 18. Rb1 Qc7 19. Rdc1 Rab8 20. a4 a5 21. b5 Nb6 22. Bc2 Rdc8 23. f4 exf4 24. Bxf4 Bf6 25. Qg4 g6 26. Rf1 Bg7 27. Qg3 Nc4 28. h4 h5 29. Bg5 Re8 30. Rf2 Bd4 31. Rf1 Ne5 32. Kh1 Bxf2 33. Rxf2 Ng4 34. Rf4 Kh7 35. Bd1 Ne5 36. Bf6 Rg8 37. Qg5 Ng4 38. Bxg4 hxg4 39.
Rxg4 Qd7 40. h5 Qe8 41. hxg6+ Rxg6 42. Rh4+ Rh6 43. Qxh6+ 1-0

[Event "*** Titled Tuesday Blitz"]
[Site "Chess.com"]
[Date "2020.11.24"]
[Round "8"]
[White "queen_iryna"]
[Black "SanchezKelvin"]
[Result "1/2-1/2"]
[WhiteElo "2274"]
[BlackElo "2449"]
[TimeControl "180+1"]
[EndTime "11:46:20 PST"]
[Termination "Game drawn by repetition"]

1. e4 c5 2. Nf3 d6 3. Bb5+ Nd7 4.
O-O Nf6 5. Re1 a6 6. Bf1 b5 7. c3 Bb7 8. d3 g6 9. Bg5 Bg7 10. a4 O-O 11. Na3 Bc6 12. Qd2 bxa4 13. Nc4 Qc7 14. Bh6 e5 15. Bxg7 Kxg7 16. g3 Nb6 17.
Nxb6 Qxb6 18. Nh4 Kh8 19. Qg5 Ng8 20. Rab1 Qd8 21. Qe3 f5 22. Ng2 Nf6 23. exf5 gxf5 24. d4 cxd4 25. cxd4 e4 26. Nf4 Nd5 27. Nxd5 Bxd5 28.
Qa3 Qd7 29. Rbc1 Rab8 30. Bc4 Bxc4 31. Rxc4 Rb3 32. Qxa4 Qxa4 33. Rxa4 Rxb2 34. Rxa6 Rd8 35. Rc1 Rb7 36. Rcc6 Rbd7 37. Ra5 Rf8 38. Raa6 Rf6 39. Kg2 Kg7 40. Kf1 Kf7 41. Ke2 Ke6 42. Ke3 Rh6 43. h4 Rg6 44. Rcb6 Rf6 45. Rb5 Kf7 46. Rbb6 Ke6 47. Rb5 Kf7 48. Rbb6 Ke6 1/2-1/2

[Event "*** Titled Tuesday Blitz"]
[Site "Chess.com"]
[Date "2020.11.24"]
[Round "8"]
[White "joppie2"]
[Black "xamax2000"]
[Result "1/2-1/2"]
[WhiteElo "2939"]
[BlackElo "2645"]
[TimeControl "180+1"]
[EndTime "11:46:21 PST"]
[Termination "Game drawn by agreement"]

1. b3 d5 2. Bb2 Bg4 3. d3 Nd7 4. Nd2 e5 5. Ngf3 Bd6 6. h3 Bh5 7. e3 Ngf6 8. c4 c6 9. Be2 O-O 10. O-O Re8 11. Nh4 Bxe2 12. Qxe2 Bf8 13. Rac1 a5 14. a3 Rc8 15. Rc2 Qb6 16. Rfc1 Rcd8 17. cxd5 cxd5 18. Nhf3 Qa6 19. Qf1 h6 20. d4 Qxf1+ 21.
Kxf1 e4 22. Ne5 Bd6 23. Nxd7 Nxd7 24. Nb1 Nb6 25. Nc3 Kf8 26. Nb5 a4 27. bxa4 Nxa4 28. Bc3 Nxc3 29. Rxc3 Ke7 30. Ke2 Rd7 31. Rb3 Ra8 32.
g4 g5 33. f3 exf3+ 34. Kxf3 f6 35. Rcb1 Ke6 36. Nxd6 Kxd6 37. Rxb7 Rxb7 38. Rxb7 Rxa3 39. Rh7 Ke6 40. Rxh6 Ke7 41. Rh7+ Ke6 42. h4 gxh4 43. Rxh4 Ra1 44. Rh6 Ke7 45. Rh7+ Ke6 46. Rb7 Rf1+ 47. Kg2 Ra1 48. Rb6+ Ke7 49. Kf2 Rc1 50. Ke2 Rg1 51. Kf3 Rf1+ 52. Kg3 Rg1+ 53. Kf2 Rxg4 54. Kf3 1/2-1/2

[Event "*** Titled Tuesday Blitz"]
[Site "Chess.com"]
[Date "2020.11.24"]
[Round "8"]
[White "romulocardoso"]
[Black "Nara_Kh"]
[Result "1/2-1/2"]
[WhiteElo "2145"]
[BlackElo "2363"]
[TimeControl "180+1"]
[EndTime "11:46:21 PST"]
[Termination "Game drawn by repetition"]

1. e4 c5 2. Nf3 d6 3. d4 cxd4 4.
Nxd4 Nf6 5. Nc3 a6 6. Be2 e5 7. Nb3 Be7 8. O-O O-O 9. Be3 Be6 10.
a4 Nbd7 11. Kh1 Rc8 12. f4 exf4 13. Bxf4 Ne5 14. Nd4 Qb6 15. Nxe6 fxe6 16. Bxe5 dxe5 17. Bg4 Nxg4 18. Qxg4 Kh8 19. b3 Rxf1+ 20. Rxf1 Bf6 21. Nd5 Qd8 22. Nxf6 gxf6 23. Qxe6 Rxc2 24. h3 Kg7 25. Qg4+ Kh8 26. Rd1 Rd2 27. Rc1 Rd7 28. b4 Rc7 29.
Rd1 Qe7 30. b5 a5 31. b6 Rc6 32. Rd7 Qf8 33. Rxb7 Qg8 34. Qe2 Qc8 35. Qa6 Rc1+ 36. Kh2 Qg8 37. Qa7 Rc2 38. Rb8 Rxg2+ 39. Kh1 Rg1+ 40.
Kh2 Rg2+ 41. Kh1 Rg1+ 42. Kh2 Rg2+ 1/2-1/2

[Event "*** Titled Tuesday Blitz"]
[Site "Chess.com"]
[Date "2020.11.24"]
[Round "8"]
[White "ArjunErigaisi2003"]
[Black "Roman_Ovetchkin"]
[Result "1/2-1/2"]
[WhiteElo "2918"]
[BlackElo "2641"]
[TimeControl "180+1"]
[EndTime "11:46:23 PST"]
[Termination "Game drawn by agreement"]

1. c4 Nf6 2. g3 g6 3. Bg2 Bg7 4. Nc3 O-O 5. e4 d6 6. Nge2 c5 7. O-O Nc6 8. d3 a6 9. a4 Rb8 10. h3 Ne8 11. Be3 b5 12. cxb5 axb5 13. Nxb5 Bxb2 14.
Rb1 Bg7 15. d4 cxd4 16. Nexd4 Bd7 17. Rc1 Nxd4 18. Nxd4 Qa5 19. Nc6 Bxc6 20. Rxc6 Rb4 21. Rc8 Qxa4 22. Qxa4 Rxa4 23. Rb1 Ra1 24. Rxa1 Bxa1 25.
Bh6 Bg7 26. Bg5 Nf6 27. Rxf8+ Kxf8 28. Bxf6 Bxf6 29. Kf1 h5 30. Ke2 h4 31. gxh4 Bxh4 32. f4 Kg7 33. Ke3 Kf6 34. Bf1 Bg3 35. Bc4 e6 36. Kf3 Bh2 37. h4 Kg7 38. Kg4 Kh6 39. Bb3 Bg1 40. Ba2 Be3 41. f5 gxf5+ 42. exf5 d5 43. Bb3 Kg7 44. fxe6 fxe6 45. Kf3 Bh6 46. Ke2 Kf6 47. Kd3 Ke5 48. Ba4 Kd6 49. Bd1 e5 50.
Bf3 Ke6 51. h5 Kd6 52. Bg2 Bg5 53. Bf3 Ke6 54. Bg2 e4+ 55. Bxe4 dxe4+ 56. Kxe4 1/2-1/2

[Event "*** Titled Tuesday Blitz"]
[Site "Chess.com"]
[Date "2020.11.24"]
[Round "8"]
[White "enriquetejedor"]
[Black "Training_Day"]
[Result "0-1"]
[WhiteElo "2473"]
[BlackElo "2369"]
[TimeControl "180+1"]
[EndTime "11:46:24 PST"]
[Termination "Training_Day won by checkmate"]

1. f4 d5 2. Nf3 g6 3. d3 Bg7 4. e4 dxe4 5. dxe4 Qxd1+ 6. Kxd1 Nc6 7. Bb5 Bd7 8. Ke2 a6 9. Bxc6 Bxc6 10. Nbd2 O-O-O 11. Re1 Nf6 12. Kf2 Nd7 13. Rb1 e5 14. Nc4 exf4 15.
Bxf4 Rhe8 16. Nfd2 Nc5 17. e5 Ne6 18. Be3 h6 19. Rbd1 Nd4 20. c3 Nc2 21. Re2 Nxe3 22. Rxe3 Bf8 23. b4 b5 24. Na5 Ba8 25. Nab3 Rd5 26.
Rde1 c5 27. Nf3 cxb4 28. cxb4 Bxb4 29. Rc1+ Kb8 30. Kg3 Be7 31. Rec3 Bf8 32. Rc7 Bg7 33. Rxf7 Bxe5+ 34. Nxe5 Rdxe5 35. Na5 R5e7 36. Rf6 Re6 37. Rf7 R6e7 38. Rxe7 Rxe7 39. h3 g5 40. Kh2 Re2 41.
Kg3 Rxg2# 0-1

[Event "*** Titled Tuesday Blitz"]
[Site "Chess.com"]
[Date "2020.11.24"]
[Round "8"]
[White "lacafi"]
[Black "Itk04"]
[Result "0-1"]
[WhiteElo "2201"]
[BlackElo "2442"]
[TimeControl "180+1"]
[EndTime "11:46:24 PST"]
[Termination "Itk04 won on time"]

1. d4 Nf6 2. Nf3 e6 3. e3 c5 4. Bd3 b6 5. Qe2 Bb7 6. Nbd2 Be7 7. O-O O-O 8. c3 d6 9. e4 cxd4 10. cxd4 Nbd7 11. a3 h6 12. e5 dxe5 13. dxe5 Nd5 14. Ne4 Qc7 15. Ng3 Nc5 16. Bc4 a6 17. Rd1 Rfd8 18.
Bd2 b5 19. Ba2 Rac8 20. Rac1 Qb6 21. Nh5 Bf8 22. h3 a5 23. Nf4 b4 24. Nxd5 Bxd5 25.
Bxd5 Rxd5 26. axb4 axb4 27. Be3 Rcd8 28. Rxd5 Rxd5 29.
Bd4 Qb7 30. Qe3 Qb5 31. Nd2 Nd3 32. Rc2 Nc5 33. Rc4 Qd7 34. Nf3 Na6 35. Kh2 g6 36. g4 Kg7 37. Kg2 Be7 38. h4 Qb7 39. Kg3 Nc7 40. g5 h5 41. Rc1 Nb5 42. Rd1 Qd7 0-1

[Event "*** Titled Tuesday Blitz"]
[Site "Chess.com"]
[Date "2020.11.24"]
[Round "8"]
[White "parintele_chess"]
[Black "HajduIstvanCM"]
[Result "1/2-1/2"]
[WhiteElo "2184"]
[BlackElo "1709"]
[TimeControl "180+1"]
[EndTime "11:46:25 PST"]
[Termination "Game drawn by repetition"]

1. e4 Nc6 2. d4 e5 3. d5 Nce7 4. Nf3 Ng6 5. c4 Bc5 6. a3 a5 7.
Bg5 Nf6 8. Nc3 h6 9. Be3 Bxe3 10. fxe3 O-O 11. Be2 d6 12. O-O Bd7 13. Qe1 Qe7 14. Nh4 Nxh4 15. Qxh4 Nxd5 16. Qg3 Nxc3 17. bxc3 Qg5 18. Qxg5 hxg5 19. Rab1 b6 20. h3 Be6 21.
g4 f6 22. Kg2 Kf7 23. Kg3 Rh8 24. Rh1 Rh4 25. Rbd1 Ke7 26. Rd5 Bxd5 27. cxd5 Kf7 28. Bb5 Ke7 29. Rh2 Rah8 30. Bc6 Rb8 31. a4 Rbh8 32.
Bb5 Rb8 33. Bf1 Rbh8 34. Rb2 Rb8 35. Rb1 Kf7 36. Rc1 Ke7 37. Rc2 Kd7 38. Bb5+ Ke7 39. Rd2 Rhh8 40. Rh2 Rh4 41. Rh1 Rbh8 42. Bf1 Rb8 43. Rh2 Rbh8 44. Rc2 Rb8 45. Ba6 Rbh8 46. Rh2 Rb8 47. Bb5 Rbh8 48. c4 Rb8 49. Bc6 Rbh8 50.
Bb7 R8h7 51. Bc8 Rh8 52. Bf5 R8h6 53. Rh1 Rh8 54. Kg2 R8h6 55. Kg3 Rh8 56. Bg6 R8h6 57. Bh5 g6 58. Bxg6 Rxg6 59. Rf1 Rg8 60. Rf2 Rc8 61. Rb2 Rch8 62. Rh2 Rc8 63. Rb2 Rch8 64. Rh2 Rc8 65. Rb2 1/2-1/2

[Event "*** Titled Tuesday Blitz"]
[Site "Chess.com"]
[Date "2020.11.24"]
[Round "8"]
[White "IceBelka"]
[Black "mjray79"]
[Result "1-0"]
[WhiteElo "2333"]
[BlackElo "2426"]
[TimeControl "180+1"]
[EndTime "11:46:26 PST"]
[Termination "IceBelka won by checkmate"]

1. e4 e5 2. Nf3 Nc6 3. d4 exd4 4. Nxd4 Nf6 5. Nc3 Bb4 6. Nxc6 bxc6 7. Qd4 Qe7 8. f3 h6 9. Be3 Bxc3+ 10. Qxc3 a5 11. Bc5 d6 12. Bd4 c5 13. Bxf6 Qxf6 14. Bb5+ Bd7 15.
Bxd7+ Kxd7 16. Qxf6 gxf6 17. Kd2 Rab8 18. b3 Ke6 19. Ke3 f5 20. Rhf1 fxe4 21. fxe4 Rhg8 22.
g3 f6 23. Rf5 Rgf8 24. Raf1 a4 25. Rh5 axb3 26. axb3 Rh8 27. Rhf5 Rhf8 28. g4 Ra8 29. h4 Ra2 30. Kd3 Ke7 31. g5 hxg5 32. hxg5 Rg8 33. gxf6+ Kf7 34. R1f2 Rg3+ 35. R5f3 Rg1 36.
Rh3 Rg8 37. Rh7+ Kg6 38. Rxc7 Rf8 39. f7 Ra6 40. Re7 Ra1 41. Re6+ Kg7 42. Rxd6 Rd1+ 43. Rd2 Re1 44. Rd7 Kf6 45. Rf2+ Ke6 46. Rc7 Kd6 47.
Ra7 Rd1+ 48. Kc3 Rd4 49. Ra4 Rd1 50. Ra6+ Ke5 51. Rc6 Kxe4 52. Rxc5 Ke3 53. Rf6 Rdd8 54. Re5# 1-0

[Event "*** Titled Tuesday Blitz"]
[Site "Chess.com"]
[Date "2020.11.24"]
[Round "8"]
[White "amatatanav"]
[Black "Deepweb2020"]
[Result "0-1"]
[WhiteElo "2385"]
[BlackElo "2281"]
[TimeControl "180+1"]
[EndTime "11:46:26 PST"]
[Termination "Deepweb2020 won on time"]

1. e4 e5 2. Bc4 Nf6 3. d3 Bc5 4. Nc3 c6 5. f4 d5 6. exd5 O-O 7.
fxe5 Ng4 8. d4 Nxe5 9. dxc5 Qh4+ 10. g3 Qxc4 11. Nf3 Bg4 12. Nxe5 Re8 13. Qd3 Rxe5+ 14. Kf2 Qxc5+ 15. Be3 Qe7 16. Rhe1 g5 17. Bd4 Rf5+ 18. Kg1 Qd7 19. Ne4 Qd8 20. h3 Bxh3 21. Nf2 Rxd5 22. Nxh3 Rxd4 23. Re8+ Qxe8 24. Qxd4 Nd7 25.
Nxg5 Qe5 26. Qxe5 Nxe5 27. Rd1 f6 28. Ne4 Kf7 29. Rd6 Ng4 30. Rd7+ Kg6 31. Rxb7 Re8 32. Nd6 Re2 33. c4 Rc2 34. a4 h5 35. a5 h4 36.
gxh4 f5 37. h5+ Kg5 38. h6 Kf4 39. h7 Kf3 0-1